 Dungeon Crawl Stone Soup version 0.26-a0-778-g3fe0686644 (webtiles) character file.

Game seed: 1463774180429223452

95400 marklar909 the Carver (level 15, -2/137 HPs)
             Began as a Pale Draconian Warper on Nov 10, 2020.
             Was the Champion of Makhleb.
             Slain by a frost giant
             ... wielding a +0 battleaxe of freezing
              (3 damage)
             ... on level 15 of the Dungeon.
             The game lasted 01:17:01 (31660 turns).

marklar909 the Carver (Pale Draconian Warper)      Turns: 31660, Time: 01:17:02

Health: -2/137     AC: 20    Str: 20    XL:     15   Next: 66%
Magic:  21/21      EV: 19    Int: 13    God:    Makhleb [******]
Gold:   2292       SH:  0    Dex: 13    Spells: 5/23 levels left

rFire    + . .     SeeInvis .   L - +9 scimitar (distort)
rCold    + . .     Faith    .   (no shield)
rNeg     . . .     Spirit   .   (armour unavailable)
rPois    +         Reflect  .   K - +1 hat "Menesual" {Harm}
rElec    .         Harm     +   D - +2 cloak {rCorr}
rCorr    +         Rampage  .   (no gloves)
MR       +....                  f - +2 pair of boots
Stlth    ++++......             (no amulet)
HPRegen  0.32/turn              b - ring of poison resistance
MPRegen  0.17/turn              A - ring of Keahotist {rF+ rC+ AC+4 Str+2}

@: studying Shields
A: breathe steam, unfitting armour, cold-blooded, AC +9
a: Breathe Steam, Minor Destruction, Lesser Servant of Makhleb, Major
Destruction, Greater Servant of Makhleb, Renounce Religion


You were on level 15 of the Dungeon.
You worshipped Makhleb.
Makhleb was exalted by your worship.
You visited 4 branches of the dungeon, and saw 24 of its levels.
You also visited: Bailey and Volcano.

You collected 2791 gold pieces.
You spent 499 gold pieces at shops.

Inventory:

Hand Weapons
 L - a +9 scimitar of distortion (weapon)
 M - a +4 long sword
Missiles
 g - 14 boomerangs
 n - 34 poisoned darts (quivered)
 Y - 9 curare-tipped darts
Armour
 f - a +2 pair of boots (worn)
 i - a +0 hat
 s - a +1 cloak of fire resistance
 D - a +2 cloak of preservation (worn)
 K - the +1 hat "Menesual" (worn) {Harm}
   (You found it on level 6 of the Lair of Beasts)

   It increases damage dealt and taken.
Jewellery
 b - a ring of poison resistance (left hand)
 A - the ring of Keahotist (right hand) {rF+ rC+ AC+4 Str+2}
   (You found it on level 7 of the Dungeon)

   [ring of protection]

   It affects your AC (+4).
   It affects your strength (+2).
   It protects you from fire.
   It protects you from cold.
 O - an uncursed amulet of guardian spirit {unknown}
Wands
 d - a wand of digging (5)
 H - a wand of paralysis (5)
 I - a wand of flame (48)
 R - a wand of disintegration (14)
 T - a wand of iceblast (10)
Scrolls
 a - a scroll of magic mapping
 c - 3 scrolls of blinking
 e - 3 scrolls of immolation
 l - 3 scrolls of fog
 t - 13 scrolls of remove curse
 w - a scroll of amnesia
 y - 2 scrolls of acquirement {unknown}
 C - 2 scrolls of vulnerability
 G - 5 scrolls of identify
 N - a scroll of enchant armour
 P - 7 scrolls of teleportation
 Q - a scroll of holy word {unknown}
 U - 3 scrolls of fear
Potions
 h - 3 potions of attraction
 j - 3 potions of heal wounds
 k - 6 potions of might
 m - 4 potions of resistance
 o - 8 potions of flight
 p - 3 potions of brilliance
 q - 6 potions of mutation
 r - 2 potions of ambrosia
 u - 6 potions of haste
 v - 3 potions of lignification
 z - 4 potions of curing
 B - a potion of magic
 E - 2 potions of cancellation
 F - 2 potions of berserk rage {unknown}
 J - 2 potions of invisibility {unknown}
Books
 W - a manual of Shields
Miscellaneous
 x - a phial of floods


   Skills:
 * Level 13.6 Fighting
 + Level 14.2 Long Blades
 - Level 4.0 Throwing
 * Level 11.9 Dodging
 + Level 8.0 Stealth
 + Level 4.6 Spellcasting
   Level 3.5 Summonings
 + Level 6.3 Translocations
 * Level 3.9 Transmutations
 + Level 8.0 Air Magic
 * Level 3.4 Earth Magic
 + Level 8.4 Invocations
 + Level 2.1 Evocations


You had 5 spell levels left.
You knew the following spells:

 Your Spells              Type           Power        Failure   Level
a - Blink                 Tloc           N/A          2%          2
b - Lesser Beckoning      Tloc           ###.......   4%          3
c - Teleport Other        Tloc           ###.....     4%          3
d - Statue Form           Tmut/Erth      ##.......    100%        6
e - Airstrike             Air            ###.......   7%          4

Your spell library contained the following spells:

 Spells                   Type           Power        Failure   Level
 Swiftness                Air            ###.....     1%          2
 Shock                    Conj/Air       ##..         3%          1
 Summon Small Mammal      Summ           ##..         4%          1
 Gell's Gravitas          Tloc           ###.......   4%          3
 Call Imp                 Summ           ##......     7%          2
 Static Discharge         Conj/Air       ##......     11%         3
 Call Canine Familiar     Summ           ##......     14%         3
 Passage of Golubria      Tloc           N/A          14%         4
 Summon Lightning Spire   Summ/Air       ###.....     19%         4
 Animate Skeleton         Necr           #.....       21%         1
 Foxfire                  Conj/Fire      #...         21%         1
 Pain                     Necr           #...         21%         1
 Summon Guardian Golem    Hex/Summ       #.......     28%         3
 Conjure Flame            Conj/Fire      #.......     52%         3
 Inner Flame              Hex/Fire       #.......     52%         3
 Vampiric Draining        Necr           #.........   52%         3
 Leda's Liquefaction      Hex/Erth       #.........   67%         4
 Summon Ice Beast         Ice/Summ       #.......     67%         4
 Lightning Bolt           Conj/Air       ##........   71%         5
 Animate Dead             Necr           #.........   89%         4
 Sticky Flame             Conj/Fire      #.......     89%         4
 Bolt of Magma            Conj/Fire/Erth #.........   98%         5
 Agony                    Necr           #.......     99%         5
 Fireball                 Conj/Fire      #.........   99%         5
 Iron Shot                Conj/Erth      #.........   100%        6
 Shatter                  Erth           ##........   100%        9


Dungeon Overview and Level Annotations

Branches:
Dungeon (15/15)            Temple (1/1) D:5            Lair (6/6) D:10
  Swamp (0/4) Lair:2       Shoals (0/4) Lair:3        Slime (0/5) Lair:6
    Orc (2/2) D:9             Elf (0/3) Orc:2        Vaults (0/5) D:14
 Depths (0/5) D:15         Bailey (visited)         Volcano (visited)
  Snake: Lair:2-4    Spider: Lair:2-4

Altars:
Ashenzari
Cheibriados
Dithmenos
Gozag
Hepliaklqana
Kikubaaqudgha
Makhleb
Nemelex Xobeh
Ru
Sif Muna
Trog
Vehumet
Wu Jian
Xom
Yredelemnul
Zin
The Shining One
Beogh

Shops:
D:8 [   Orc:1 }   Orc:2 !=!!(

Portals:
Trove: D:10 (give +5 demon trident)

Annotations:
D:14 2 transporters, Qojinn's ghost, journeyman DrCj
Lair:3 exclusion: 5 oklob plants
Orc:1 1 runed translucent door, reasonance's ghost, journeyman GrBe
Abyss:1 Jorgrun; Nergalle


Innate Abilities, Weirdness & Mutations

You can breathe blasts of scalding, opaque steam.
Your pale cyan-grey scales are hard. (AC +9)
You cannot fit into any form of body armour.
You are cold-blooded and may be slowed by cold attacks.


Message History

The frost giant resists with almost no effort.
The frost giant is engulfed in a cloud of scalding steam.
The frost giant gestures at you while chanting.
The bolt of cold hits you!! You resist.
Press: ? - help, Shift-Dir - straight line, f/p - frost giant
Aim: a frost giant, wielding a +0 battleaxe of freezing (steam, severely wounded)
The frost giant easily resists.
You have got your breath back.
The frost giant is engulfed in a cloud of scalding steam.
The frost giant points at you and mumbles some strange words.
The bolt of cold misses you.
Press: ? - help, Shift-Dir - straight line, f/p - frost giant
Aim: a frost giant, wielding a +0 battleaxe of freezing (almost dead)
The bolt of negative energy hits the frost giant!
The frost giant is drained!
The frost giant is almost dead.
The frost giant hits you with a +0 battleaxe of freezing!!
* * * LOW HITPOINT WARNING * * *
The frost giant freezes you.
You die...

#≈..#..≈#....#.....
#.#.#.#.#....#.....
#.≈.≈.≈.#....+.....
#.≈...≈.#....#.....
#.≈...≈.#....#.....
#.##+##.###########
#.#...#.# #C#.>.# #
#)@...+ #######


You could see a frost giant (drained).

Vanquished Creatures
  Frances (D:13)
  2 orc warlords
  4 dire elephants (Lair:6)
  Snorg (D:13)
  Erolcha (D:13)
  6 hydras
  A boulder beetle (D:15)
  2 catoblepae
  An anaconda (Lair:6)
  2 centaur warriors (D:15)
  3 two-headed ogres
  5 death yaks
  Urug (D:13)
  Sonja (Lair:5)
  A hell knight (Volcano)
  4 skeletal warriors (D:15)
  An unseen horror (D:12)
  2 lindwurms
  An orc knight (Orc:2)
  A deep elf mage (D:15)
  6 ugly things
  8 orc sorcerers (Orc:2)
  4 cyclopes
  3 manticores
  5 black mambas
  6 elephants (Lair:6)
  A molten gargoyle (Volcano)
  A torpor snail (Lair:6)
  A rime drake (Lair:6)
  15 cane toads
  2 efreet
  7 komodo dragons
  2 yaktaurs (D:14)
  A queen bee (shapeshifter) (D:15)
  A red devil (Volcano)
  5 trolls
  6 blink frogs
  3 spriggans (Lair:1)
  Sigmund (D:3)
  A shadow (D:15)
  A wraith (D:15)
  27 yaks
  6 fire bats (Volcano)
  2 vampires
  6 wyverns
  4 basilisks
  A steam dragon (D:15)
  5 vampire mosquitoes
  9 wargs
  An acid dragon (D:13)
  6 water moccasins
  2 hell hounds (Volcano)
  2 sky beasts
  An eye of draining (D:6)
  34 orc warriors
  3 ice beasts
  11 ogres
  3 black bears
  An ogre (shapeshifter) (D:14)
  3 phantoms
  14 wolves
  6 centaurs
  2 big kobolds
  3 elf zombies (D:14)
  9 bullfrogs
  A wyvern zombie (D:12)
  4 scorpions
  2 wyvern skeletons
  11 killer bees
  17 wights
  3 electric eels
  8 howler monkeys
  2 bullfrog zombies
  2 centaur zombies
  4 hounds
  5 lava snakes (Volcano)
  2 quasits
  Crazy Yiuf (D:4)
  4 centaur skeletons
  A bullfrog skeleton (D:13)
  17 orc priests
  5 jellies
  39 orc wizards
  2 human zombies (D:14)
  3 iguanas
  12 worker ants
  An ogre zombie (D:14)
  A hound zombie (D:9)
  2 mummies (D:14)
  A howler monkey zombie (D:9)
  A worker ant zombie (D:9)
  9 adders
  5 gnolls
  4 shadow imps
  4 white imps
  4 ufetubi
  An ooze (D:3)
  4 adder skeletons
  3 dart slugs
  2 leopard geckos
  111 orcs
  5 giant cockroaches
  9 goblins
  9 hobgoblins
  8 jackals
  41 kobolds
  4 quokkas
  2 ball pythons
  6 bats
  6 frilled lizards
  A jackal skeleton (D:4)
  An orc skeleton (D:14)
  3 rats
675 creatures vanquished.

Vanquished Creatures (collateral kills)
  A red devil (Volcano)
  An orc wizard (D:10)
2 creatures vanquished.

Vanquished Creatures (others)
  An orc wizard (Orc:2)
  19 fungi
  46 plants
  3 toadstools (D:6)
69 creatures vanquished.

Grand Total: 746 creatures vanquished

Notes
Turn   | Place    | Note
-------+----------+-------------------------------------------
     0 | D:1      | marklar909 the Draconian Warper began the quest for the
                  | Orb.
     0 | D:1      | Reached XP level 1. HP: 17/17 MP: 3/3
   220 | D:1      | Reached skill level 1 in Throwing
   220 | D:1      | Reached XP level 2. HP: 15/24 MP: 5/5
   553 | D:1      | Learned a level 2 spell: Blink
   778 | D:1      | Reached XP level 3. HP: 10/30 MP: 6/6
  1290 | D:2      | Found a hazy altar of Hepliaklqana.
  1416 | D:2      | Reached skill level 3 in Long Blades
  2022 | D:3      | Reached XP level 4. HP: 37/37 MP: 7/7
  2093 | D:3      | Found a sparkling altar of Nemelex Xobeh.
  2107 | D:3      | Noticed Sigmund
  2122 | D:3      | Killed Sigmund
  2122 | D:3      | Reached XP level 5. HP: 6/42 MP: 8/8
  3231 | D:4      | Reached XP level 6. HP: 50/50 MP: 9/9
  3375 | D:4      | Reached skill level 4 in Long Blades
  3375 | D:4      | Reached skill level 1 in Stealth
  3665 | D:4      | Your scales start taking on a pale cyan-grey colour.
  3665 | D:4      | Reached XP level 7. HP: 31/57 MP: 10/10
  3680 | D:4      | Learned a level 3 spell: Lesser Beckoning
  3684 | D:4      | Learned a level 3 spell: Teleport Other
  3834 | D:4      | Found a runed translucent door.
  3835 | D:4      | Noticed Crazy Yiuf
  4068 | D:4      | Found an opulent altar of Gozag.
  4392 | D:4      | Killed Crazy Yiuf
  4477 | D:5      | Entered Level 5 of the Dungeon
  4659 | D:5      | Reached skill level 5 in Long Blades
  5754 | D:5      | Found a staircase to the Ecumenical Temple.
  5947 | Temple   | Entered the Ecumenical Temple
  5985 | Temple   | Became a worshipper of Makhleb the Destroyer
  6322 | D:6      | Reached XP level 8. HP: 66/66 MP: 11/11
  6713 | D:6      | Reached * piety under Makhleb
  6912 | D:6      | Reached skill level 6 in Long Blades
  7101 | D:6      | Found a bloodstained altar of Trog.
  7119 | D:6      | Reached skill level 5 in Translocations
  7376 | D:6      | Found a glowing golden altar of the Shining One.
  7532 | D:6      | Found a sacrificial altar of Ru.
  7532 | D:6      | Found a radiant altar of Vehumet.
  7545 | D:6      | Found a basalt altar of Yredelemnul.
  7557 | D:6      | Found a shimmering blue altar of Sif Muna.
  7575 | D:6      | Noticed a rust devil
  7575 | D:6      | Noticed a rust devil
  7582 | D:7      | Found a glowing silver altar of Zin.
  7617 | D:7      | Reached XP level 9. HP: 32/72 MP: 11/13
  7880 | D:7      | Reached skill level 5 in Fighting
  7967 | D:7      | Found a shimmering altar of Xom.
  7968 | D:7      | Found a shimmering altar of Xom.
  7969 | D:7      | Found a shimmering altar of Xom.
  7969 | D:7      | Found a shimmering altar of Xom.
  7985 | D:7      | Found an opulent altar of Gozag.
  7989 | D:7      | Found a shimmering altar of Xom.
  7990 | D:7      | Found a shimmering altar of Xom.
  8106 | D:7      | Noticed a meliai
  8144 | D:7      | Got a smoking steel ring
  8175 | D:7      | Reached skill level 7 in Long Blades
  8175 | D:7      | Reached skill level 5 in Dodging
  8245 | D:7      | Noticed a salamander
  8325 | D:8      | Found Obloddud's Antique Armour Boutique.
  8337 | D:8      | Bought a runed cloak for 247 gold pieces
  8811 | D:8      | Reached ** piety under Makhleb
  9014 | D:8      | Found a shadowy altar of Dithmenos.
  9537 | D:7      | Reached skill level 8 in Long Blades
  9955 | D:9      | Noticed a troll
  9970 | D:9      | Killed a troll
  9983 | D:9      | Learned a level 3 spell: Call Canine Familiar
 10064 | D:7      | Noticed a nameless horror
 10705 | D:9      | Reached XP level 10. HP: 84/84 MP: 15/15
 10713 | D:9      | Reached skill level 1 in Summonings
 11454 | D:9      | Reached *** piety under Makhleb
 11460 | D:9      | Found a roughly hewn altar of Beogh.
 11460 | D:9      | Found a staircase to the Orcish Mines.
 11477 | D:9      | Reached skill level 1 in Evocations
 11912 | D:9      | Identified the ring of Keahotist {rF+ rC+ AC+4 Str+2} (You
                  | found it on level 7 of the Dungeon)
 11943 | D:10     | Entered Level 10 of the Dungeon
 11982 | D:10     | Found a staircase to the Lair.
 12004 | D:10     | Reached skill level 9 in Long Blades
 12073 | D:10     | Noticed a two-headed ogre
 12084 | D:10     | Killed a two-headed ogre
 12097 | D:10     | Reached skill level 10 in Long Blades
 12301 | D:10     | Found a shadowy altar of Dithmenos.
 12363 | D:10     | Reached XP level 11. HP: 85/92 MP: 15/17
 12763 | D:10     | Found a portal to a secret trove of treasure.
 13050 | D:11     | Reached **** piety under Makhleb
 13155 | D:11     | Noticed a sea snake
 13466 | D:11     | Reached skill level 5 in Stealth
 13650 | D:12     | Noticed a two-headed ogre
 13657 | D:12     | Killed a two-headed ogre
 13767 | D:12     | Learned a level 4 spell: Airstrike
 14077 | D:12     | Noticed a two-headed ogre
 14083 | D:12     | Banished a two-headed ogre
 14083 | D:12     | Reached skill level 11 in Long Blades
 14083 | D:12     | Reached skill level 1 in Air Magic
 14083 | D:12     | Reached skill level 1 in Invocations
 14482 | D:12     | Noticed a red ugly thing
 14491 | D:12     | Killed a red ugly thing
 15043 | Lair:1   | Entered Level 1 of the Lair of Beasts
 15043 | Lair:1   | Noticed a seven-headed hydra
 15054 | Lair:1   | Killed a nine-headed hydra
 15192 | Lair:1   | Reached ***** piety under Makhleb
 15373 | Lair:1   | Noticed Nergalle
 15379 | Lair:1   | Banished Nergalle
 15379 | Lair:1   | Reached XP level 12. HP: 103/103 MP: 18/18
 16161 | Lair:2   | Found a staircase to the Swamp.
 16546 | Lair:2   | Noticed an eight-headed hydra
 16584 | Lair:2   | Killed a ten-headed hydra
 16773 | Lair:2   | Noticed a catoblepas
 16780 | Lair:2   | Killed a catoblepas
 17254 | Lair:3   | Found a broken altar of Ashenzari.
 17449 | Lair:3   | Reached skill level 12 in Long Blades
 17504 | Lair:3   | Noticed a death yak
 17505 | Lair:3   | Noticed a death yak
 17505 | Lair:3   | Noticed a death yak
 17506 | Lair:3   | Noticed a death yak
 17527 | Lair:3   | Killed a death yak
 17551 | Lair:3   | Killed a death yak
 17589 | Lair:3   | Banished a death yak
 17591 | Lair:3   | Banished a death yak
 17591 | Lair:3   | Reached skill level 10 in Fighting
 17591 | Lair:3   | Reached skill level 5 in Air Magic
 17900 | Lair:3   | Found a staircase to the Shoals.
 18047 | Lair:3   | Reached skill level 5 in Invocations
 18047 | Lair:3   | Reached XP level 13. HP: 113/113 MP: 19/19
 19237 | Lair:5   | Noticed Sonja
 19242 | Lair:5   | Killed Sonja
 19396 | Lair:5   | Found a dark tunnel.
 19415 | Volcano  | Entered a volcano
 19766 | Volcano  | Found a bloodstained altar of Trog.
 20829 | Lair:5   | Reached skill level 10 in Dodging
 21199 | Lair:5   | Reached skill level 13 in Long Blades
 21575 | Lair:6   | Entered Level 6 of the Lair of Beasts
 21723 | Lair:6   | Found a staircase to the Slime Pits.
 21779 | Lair:6   | Reached XP level 14. HP: 104/125 MP: 20/20
 23377 | Lair:6   | Got a sparkling amber ring
 23698 | Lair:6   | Got a faintly humming hat
 23879 | D:10     | Identified the +1 hat "Menesual" {Harm} (You found it on
                  | level 6 of the Lair of Beasts)
 23888 | D:10     | Identified the ring of Disaster {*Corrode rC+ rN+ Str+3}
                  | (You found it on level 6 of the Lair of Beasts)
 23963 | Orc:1    | Entered Level 1 of the Orcish Mines
 24084 | Orc:1    | Found a flagged portal.
 24086 | Orc:1    | Found Fioq's Gadget Emporium.
 24145 | Orc:1    | Noticed an orc warlord
 24149 | Bailey   | Entered a bailey
 24376 | Bailey   | Reached ****** piety under Makhleb
 24830 | Orc:1    | Found a radiant altar of Vehumet.
 24919 | Orc:1    | Killed an orc warlord
 25171 | Orc:1    | Found a runed translucent door.
 25172 | Orc:1    | Noticed reasonance's ghost (journeyman GrBe)
 25333 | Orc:2    | Entered Level 2 of the Orcish Mines
 25806 | Orc:2    | Found a staircase to the Elven Halls.
 26109 | Orc:2    | Found Ovuolu Alor's Distillery.
 26109 | Orc:2    | Found Ateomp's Jewellery Boutique.
 26123 | Orc:2    | Found a roughly hewn altar of Beogh.
 26200 | Orc:2    | Found Fugij's Distillery.
 26230 | Orc:2    | Noticed an orc warlord
 26273 | Orc:2    | Killed an orc warlord
 26478 | Orc:2    | Bought a potion of cancellation for 104 gold pieces
 26478 | Orc:2    | Bought a potion of lignification for 39 gold pieces
 26478 | Orc:2    | Bought a potion of degeneration for 13 gold pieces
 26513 | Orc:2    | Found Egahan's Antique Weapon Boutique.
 26593 | Orc:2    | Found Olubryek's Distillery.
 26614 | Orc:2    | Bought a potion of magic for 96 gold pieces
 27148 | Orc:2    | Learned a level 6 spell: Statue Form
 27445 | D:13     | Noticed Snorg
 27460 | D:13     | Killed Snorg
 27463 | D:13     | Noticed Jorgrun
 27471 | D:13     | Banished Jorgrun
 27471 | D:13     | Reached skill level 14 in Long Blades
 27486 | D:13     | Noticed Urug
 27496 | D:13     | Killed Urug
 27528 | D:13     | Reached XP level 15. HP: 128/134 MP: 21/21
 27551 | D:13     | Reached skill level 1 in Transmutations
 27555 | D:13     | Reached skill level 1 in Earth Magic
 27755 | D:13     | Noticed Erolcha
 27765 | D:13     | Killed Erolcha
 27849 | D:13     | Noticed Frances
 28679 | D:13     | Killed Frances
 29437 | D:14     | Found an ancient bone altar of Kikubaaqudgha.
 29612 | D:14     | Found a transporter.
 29612 | D:14     | Noticed Qojinn's ghost (journeyman DrCj)
 29616 | D:14     | Found a transporter.
 29835 | D:14     | Found a gate to the Vaults.
 30149 | D:15     | Entered Level 15 of the Dungeon
 31652 | D:15     | Found a staircase to the Depths.
 31652 | D:15     | Noticed a frost giant
 31660 | D:15     | HP: 1/137 [frost giant/+0 battleaxe of freezing (34)]
 31660 | D:15     | Slain by a frost giant

Illustrated notes

Levels and vault maps discovered:
D:1:      minmay_arrival_plants_in_alcoves, layout_basic
D:2:      layout_rooms, lemuel_crystal_altar, skrybe_limestone_x
D:3:      layout_loops_cross, lemuel_round_altar, minmay_between, uniq_sigmund
D:4:      layout_basic, lemuel_doored_altar, chequers_serial_rivers_large_a,
          uniq_crazy_yiuf_cottage
D:5:      layout_gridville, minmay_temple_entry_fiery
D:6:      cheibrodos_iron_armory, layout_loops_ring,
          minmay_overflow_temple_star_hex, trog_eyes_of_draining,
          minmay_gold_behind_fungi
D:7:      layout_rooms, lemuel_crystal_altar, basic_altar, xom_shifter_show
D:8:      layout_cave_pods, nicolae_overflow_hidden_temple, serial_shops, shop
D:9:      layout_roguey, david_orc_5
D:10:     layout_basic, lair_entry_dummy, nicolae_trove_entry_diagonal,
          grunt_dithmenos_smoke
D:11:     layout_loops_ring, serial_aquarium, aquarium_bridge_long_joined
          [aquarium_subvault_bridge, aquarium_subvault_window,
          aquarium_subvault_bridge, aquarium_subvault_wall,
          aquarium_subvault_wall, aquarium_subvault_wall],
          aquarium_window_corridor_2, aquarium_window_2, aquarium_window_1,
          aquarium_view_2c, aquarium_view_2b, aquarium_balcony_3b,
          aquarium_pool_2
D:12:     layout_loops_ring
D:13:     layout_cave_pools, uniq_snorg, uniq_jorgrun, uniq_erolcha,
          uniq_frances, uniq_urug
D:14:     layout_loops_cross, david_vaults_2, gammafunk_ghost_hive,
          lemuel_mausoleum_altar_kikubaaqudgha
D:15:     grunt_enter_depths_snipers, layout_grid_maze, serial_shops, shop
Temple:   jpeg_temple_clearing
Lair:1:   layout_cave_shapes, wad_woods_02, uniq_nergalle
Lair:2:   layout_chaotic_city, swamp_mist_pool, grunt_megastairs_3
Lair:3:   layout_concentric_octagons, minmay_shoals_entry_hut,
          lemuel_oklob_altar, grunt_megastairs_2, serial_bayou_shore_a,
          minmay_lair_oklob_chamber, serial_bayou_shore_b
Lair:4:   layout_misc_corridors
Lair:5:   layout_cave_pods, nicolae_volcano_entry_vermiform, uniq_sonja
Lair:6:   due_jungle_book, layout_cave_shapes, slime_dummy,
          chequers_serial_rivers_micro_c
Orc:1:    layout_diamond_mine, serial_shops, shop, enter_bailey_5, basic_altar,
          ebering_ghost_reflecting_pool
Orc:2:    st_orc_town, layout_caves, serial_shops, nicolae_shop_statue_plus,
          nicolae_orc_lava_room

Skill      XL: |  1  2  3  4  5  6  7  8  9 10 11 12 13 14 15 |
---------------+----------------------------------------------+-----
Throwing       | 1 2 3 4 |  4.0
Long Blades    | 3 4 5 6 8 10 11 12 13 14 | 14.2
Dodging        | 3 4 5 6 7 9 10 11 | 11.9
Stealth        | 1 2 4 6 7 8 |  8.0
Fighting       | 3 4 6 7 8 10 11 12 13 | 13.6
Translocations | 4 5 6 |  6.3
Spellcasting   | 3 4 |  4.6
Summonings     | 3 |  3.5
Evocations     | 1 2 |  2.1
Air Magic      | 3 5 6 8 |  8.0
Invocations    | 3 5 6 8 |  8.4
Transmutations | 3 |  3.9
Earth Magic    | 3 |  3.4

Action                   |  1- 3 |  4- 6 |  7- 9 | 10-12 | 13-15 || total
-------------------------+-------+-------+-------+-------+-------++-------
Melee: Falchion          |   110 |    65 |   312 |       |       ||   487
       Tailslap          |    18 |     6 |    49 |    58 |   120 ||   251
       Scimitar          |       |       |     7 |   441 |   777 ||  1225
Throw: Boomerang         |     5 |       |       |       |       ||     5
       Stone             |    20 |       |    47 |       |       ||    67
       Dart              |     8 |    76 |   125 |    21 |    83 ||   313
 Cast: Blink             |    10 |       |     7 |     1 |    14 ||    32
       Teleport Other    |       |       |     1 |       |       ||     1
       Call Canine Famil |       |       |       |     3 |       ||     3
       Airstrike         |       |       |       |       |     1 ||     1
Invok: Minor Destruction |       |       |       |       |    11 ||    11
       Lesser Servant of |       |       |       |       |     5 ||     5
       Major Destruction |       |       |       |       |     2 ||     2
 Abil: Breathe Steam     |       |       |    32 |    15 |    55 ||   102
Evoke: Wand              |       |       |     7 |     4 |    12 ||    23
       Phial of floods   |       |       |       |       |     1 ||     1
  Use: Scroll            |       |     2 |    10 |    10 |    10 ||    32
       Potion            |       |     1 |     1 |       |     3 ||     5
 Stab: Sleeping          |       |       |     6 |    17 |    22 ||    45
       Distracted        |       |       |       |     2 |     5 ||     7
Armor: Skin              |    53 |    28 |   133 |   136 |   272 ||   622
Dodge: Dodged            |    95 |    42 |   254 |   306 |   614 ||  1311
       Rpst.: Falchion   |    32 |    15 |    66 |       |       ||   113
       Scimitar          |       |       |     1 |    69 |   136 ||   206

Table legend: (Time is in decaauts)
 A = Elapsed time spent in this place.
 B = Non-inter-level travel time spent in this place.
 C = Inter-level travel time spent in this place.
 D = Time resting spent in this place.
 E = Time spent auto-exploring this place.
 F = Levels seen in this place.
 G = Mean time per level.
                   A        B        C        D        E       F      G
               +--------+--------+--------+--------+--------+-----+--------+
         Total |  31474 |  29044 |   2430 |   6218 |  17170 |  26 | 1210.5 |
       Dungeon |  19355 |  17740 |   1615 |   3349 |  11003 |  15 | 1290.3 |
        Temple |     52 |     22 |     30 |      0 |     20 |   1 |   52.0 |
          Lair |   7594 |   7044 |    550 |   1397 |   4406 |   6 | 1265.7 |
  Orcish Mines |   2918 |   2683 |    235 |    962 |   1185 |   2 | 1459.0 |
        Bailey |    406 |    406 |      0 |    101 |    130 |   1 |  406.0 |
       Volcano |   1146 |   1146 |      0 |    409 |    424 |   1 | 1146.0 |
               +--------+--------+--------+--------+--------+-----+--------+

Top non-repeatable levels by time:
  Lair:6: 2036 daAuts
    D:12: 1856 daAuts
     D:4: 1791 daAuts
     D:6: 1761 daAuts
   Orc:1: 1522 daAuts
     D:9: 1441 daAuts
     D:7: 1411 daAuts
   Orc:2: 1395 daAuts
  Lair:2: 1328 daAuts
     D:3: 1278 daAuts
    D:14: 1269 daAuts
     D:5: 1233 daAuts
    D:15: 1230 daAuts
     D:8: 1165 daAuts
 Volcano: 1146 daAuts
